 Dungeon Crawl Stone Soup version 0.24.0-13-gcf9b3192b9 (webtiles) character file.

Game seed: 17009790809479140707, levelgen mode: deterministic

133 sking99 the Chopper (level 5, -8/47 HPs)
             Began as a Hill Orc Monk on Nov 9, 2019.
             Killed from afar by an orc wizard (10 damage)
             ... with a puff of flame
             ... on level 2 of the Dungeon.
             The game lasted 00:04:05 (2251 turns).

sking99 the Chopper (Hill Orc Monk)                 Turns: 2251, Time: 00:04:05

Health: -8/47      AC:  6    Str: 15    XL:     5   Next: 16%
Magic:  5/5        EV:  5    Int: 10    God:
Gold:   122        SH: 14    Dex: 13    Spells: 4/4 levels left

rFire    . . .     SeeInvis .   p - +0 war axe
rCold    . . .     Gourm    .   f - +2 large shield
rNeg     . . .     Faith    .   r - +0 scale mail (curse)
rPois    .         Spirit   .   (no helmet)
rElec    .         Reflect  .   (no cloak)
rCorr    .         Harm     .   (no gloves)
MR       .....                  (no boots)
Stlth    ..........             (no amulet)
HPRegen  0.15/turn              (no ring)
MPRegen  0.09/turn              (no ring)

@: lethally poisoned (-8 -> -13), hasted, very quick
A: no striking features
a: no special abilities


You were on level 2 of the Dungeon.
You were not hungry.

You visited 1 branch of the dungeon, and saw 3 of its levels.

You collected 122 gold pieces.

Inventory:

Hand Weapons
 p - a +0 war axe (weapon)
Armour
 b - a +0 robe
 f - a +2 large shield (worn)
 r - a cursed +0 scale mail (worn)
Jewellery
 h - an uncursed amulet of harm {unknown}
 j - an uncursed ring of protection from fire {unknown}
 l - an uncursed ring of magical power {unknown}
 m - a +3 ring of evasion {unknown}
Scrolls
 a - a scroll of remove curse {unknown}
 e - 3 scrolls of teleportation {unknown}
 n - 2 scrolls of amnesia {unknown}
 o - a scroll of identify {unknown}
Potions
 g - a potion of curing {unknown}
 i - a potion of cancellation {unknown}
 k - a potion of haste
 q - a potion of heal wounds {unknown}
Comestibles
 c - 2 rations
 d - 3 chunks of flesh


   Skills:
 + Level 4.6 Fighting
 * Level 6.0 Axes
 - Level 2.4 Dodging
 - Level 1.5 Stealth
 * Level 2.2 Shields


You had 4 spell levels left.
You didn't know any spells.
Your spell library was empty.

Dungeon Overview and Level Annotations

Branches:
Dungeon (3/15)

Altars:
Elyvilon
Makhleb
Xom


Message History

Deactivating autopickup; reactivate with Ctrl-A.
You slash something! You hit the orc wizard.
You feel sick. You block the orc wizard's attack.
You hear some strange, mumbled words.
A puff of flame appears from out of thin air!
The puff of flame hits you!
* * * LOW HITPOINT WARNING * * *
The orc wizard hits you but does no damage.
Something hits you.
* * * LOW HITPOINT WARNING * * *
It was a potion of haste.
You feel yourself speed up.
The orc wizard points at you and mumbles some strange words.
The magic dart hits you.
* * * LOW HITPOINT WARNING * * *
The orc wizard gestures wildly while chanting.
The orc wizard blinks!
You hear some strange, mumbled words.
A puff of flame appears from out of thin air!
The puff of flame hits you!
You die...

###.#.# #...#
#########...#
#..)........##
#########.....
######### ##)#.#
#....o..# #.#(. ###
#.{.....# #.#.#
#.## #@.....)#
#...# #..##
#ยง......# ####...#
##..# #...<...#
#....#.# ##.##
#.......###.##.#..
#..#
##)..........##.##.
##.##
#.(......##..##.#..
#..#
#.................#
##.#
#.#####.....<.#..##
#.#
#.####...####.##<..


You could see an orc wizard.

Vanquished Creatures
  5 adders
  2 oozes (D:1)
  2 worms
  3 dart slugs
  2 leopard geckos
  5 orcs
  4 bats
  2 giant cockroaches
  6 goblins
  7 hobgoblins
  6 jackals
  A quokka (D:2)
  5 frilled lizards
  6 kobolds
  6 rats
62 creatures vanquished.

Notes
Turn   | Place    | Note
-------+----------+-------------------------------------------
     0 | D:1      | sking99 the Hill Orc Monk began the quest for the Orb.
     0 | D:1      | Reached XP level 1. HP: 19/19 MP: 1/1
   138 | D:1      | Reached XP level 2. HP: 27/27 MP: 2/2
   306 | D:1      | Reached skill level 5 in Axes
   470 | D:1      | Reached XP level 3. HP: 28/33 MP: 3/3
  1090 | D:2      | Found a white marble altar of Elyvilon.
  1293 | D:2      | Reached skill level 1 in Shields
  1318 | D:2      | Found a shimmering altar of Xom.
  1322 | D:2      | Reached XP level 4. HP: 41/41 MP: 4/4
  2169 | D:2      | Reached XP level 5. HP: 47/47 MP: 5/5
  2203 | D:3      | Reached skill level 6 in Axes
  2208 | D:3      | Found a burning altar of Makhleb.
  2208 | D:3      | Noticed a blizzard demon
  2251 | D:2      | HP: 2/47 [orc wizard/magic dart (6)]
  2251 | D:2      | Killed from afar by an orc wizard

Levels and vault maps discovered:
D:1:      erik_arrival_gehennom, layout_rooms
D:2:      layout_rooms, lemuel_crystal_altar, lemuel_round_altar, first_ration
D:3:      layout_basic, makhleb_altar_promises_db, kiku_gazebo_garden_becter,
          ebering_ghost_sewer_f

Skill      XL: |  1  2  3  4  5 |
---------------+----------------+-----
Fighting       | 4 |  4.6
Axes           | 5 6 |  6.0
Shields        | 1 2 |  2.2
Dodging        | |  2.4
Stealth        | |  1.5

Action                   |  1- 3 |  4- 6 || total
-------------------------+-------+-------++-------
Melee: Hand axe          |   128 |    51 ||   179
       War axe           |       |    38 ||    38
  Use: Potion            |       |     1 ||     1
 Stab: Sleeping          |     3 |     1 ||     4
       Distracted        |     1 |       ||     1
  Eat: Chunk             |     1 |     4 ||     5
Armor: Robe              |    22 |     7 ||    29
       Scale mail        |       |    11 ||    11
Dodge: Dodged            |    59 |    16 ||    75
Block: Large shield      |    38 |    68 ||   106
